 Dungeon Crawl Stone Soup version 0.28.0-62-gf88900778d (webtiles) character file.

Game seed: 7739779384576339164

89 cbfl8 the Skirmisher (level 4, 0/40 HPs)
             Began as a Minotaur Fighter on Mar 9, 2024.
             Succumbed to an orc wizard's poison
             ... on level 3 of the Dungeon.
             The game lasted 00:02:28 (3053 turns).

cbfl8 the Skirmisher (Minotaur Fighter)             Turns: 3053, Time: 00:02:29

Health: 0/40       AC: 11    Str: 20 (21) XL:     4   Next: 31%
Magic:  3/3        EV:  7    Int:  4 (5)  God:
Gold:   62         SH:  4    Dex:  9 (11) Spells: 3/3 levels left

rFire   . . .      SeeInvis .   a - +1 war axe
rCold   . . .      Faith    .   c - +0 buckler
rNeg    . . .      Spirit   .   h - +0 chain mail
rPois   .          Reflect  .   (helmet restricted)
rElec   .          Harm     .   (no cloak)
rCorr   .          Rampage  .   o - +0 pair of gloves
Will    .....                   p - +0 pair of boots
Stlth   ..........              (no amulet)
HPRegen 0.13/turn               (no ring)
MPRegen 0.08/turn               (no ring)

@: mighty, brilliant, lethally poisoned (0 -> -1), flying
A: horns 2, retaliatory headbutt, subdued magic 1
a: no special abilities


You were on level 3 of the Dungeon.
You visited 1 branch of the dungeon, and saw 4 of its levels.

You collected 107 gold pieces.
You spent 45 gold pieces at shops.

Inventory:

Hand Weapons
 a - a +1 war axe (weapon)
Armour
 c - a +0 buckler (worn)
 h - a +0 chain mail (worn)
 o - a +0 pair of gloves (worn)
 p - a +0 pair of boots (worn)
Scrolls
 g - 2 scrolls of enchant armour
 l - a scroll of holy word {unknown}
 m - a scroll of identify {unknown}
Potions
 e - a potion of cancellation


   Skills:
 + Level 4.2 Fighting
 + Level 3.4 Axes
 + Level 4.2 Armour
 + Level 4.1 Shields
 * Level 1.4 Evocations


You had 3 spell levels left.
You didn't know any spells.
Your spell library contained the following spells:

 Spells                   Type           Power      Damage    Failure   Level
 Animate Skeleton         Necr           0%         N/A       100%        1
 Foxfire                  Conj/Fire      0%         2x1d4     100%        1
 Pain                     Necr           0%         1d4       100%        1
 Conjure Flame            Conj/Fire      0%         6-21      100%        3
 Inner Flame              Hex/Fire       0%         N/A       100%        3
 Vampiric Draining        Necr           0%         2d6       100%        3
 Flame Wave               Conj/Fire      0%         2d4       100%        4


Dungeon Overview and Level Annotations

Branches:
Dungeon (4/15)
 Temple: D:4-7

Altars:
Okawaru

Shops:
D:3 [


Innate Abilities, Weirdness & Mutations

You have a pair of horns on your head.
You reflexively headbutt those who attack you in melee.
Your spells are a little easier to cast, but a little less powerful.


Message History

You headbutt the orc warrior!
It was a potion of curing.
You feel better. You block the orc wizard's attack.
The orc warrior hits you but does no damage.
It was a potion of degeneration.
There was something very wrong with that liquid.
You feel weakened.
You feel dopey.
You feel clumsy.
The orc wizard mumbles some strange words.
The orc wizard flickers and vanishes!
Deactivating autopickup; reactivate with Ctrl-A.
The orc warrior hits you with a +0 short sword.
* * * LOW HITPOINT WARNING * * *
It was a potion of mutation.
You feel extremely strange.
Your connection to magic feels subdued.
Something hits you.
* * * LOW HITPOINT WARNING * * *
You are lethally poisoned!
You block the orc warrior's attack.
Okay, then.
Blink to where?
Press: ? - help, Dir - move target
As you read the scroll of blinking, it crumbles to dust.
* * * LOW HITPOINT WARNING * * *
You feel sick.
Unknown command.
You feel very mighty all of a sudden.
* * * LOW HITPOINT WARNING * * *
You feel sick.
* * * LOW HITPOINT WARNING * * *
You feel sick.
* * * LOW HITPOINT WARNING * * *
You feel sick.
* * * LOW HITPOINT WARNING * * *
You feel sick.
* * * LOW HITPOINT WARNING * * *
You feel sick.
* * * LOW HITPOINT WARNING * * *
You feel sick.
A puff of flame appears from out of thin air!
The puff of flame hits you but does no damage.
You die...

#..##.## ##.##..#
#.###.# ##..##.#####
#..........#
#.#..#.###.#
#.##.#..##.#
#.##..#.##.#
#.###.#@##(###
#.#..........#
#.#.##...#.#.# #####
#.#.#....#.#.#
....######.#.#.#..#.#.#
..#.....##.#.#...o..#.#
.#......##.#.##..o..#.#
∩.......##.#......{...#
.#......##.######..####


You could see an orc warrior and an orc.

Vanquished Creatures
  A hound skeleton (D:3)
  3 adders (D:2)
  A worm (D:2)
  A dart slug (D:1)
  4 giant cockroaches
  3 goblins
  4 hobgoblins
  2 jackals (D:1)
  7 kobolds
  A quokka (D:1)
  4 ball pythons
  6 bats
  3 frilled lizards (D:1)
  3 rats
43 creatures vanquished.

Vanquished Creatures (others)
  A rat (D:3)
1 creature vanquished.

Grand Total: 44 creatures vanquished

Notes
Turn   | Place    | Note
-------+----------+-------------------------------------------
     0 | D:1      | cbfl8 the Minotaur Fighter began the quest for the Orb.
     0 | D:1      | Reached XP level 1. HP: 19/19 MP: 0/0
   326 | D:1      | Reached XP level 2. HP: 22/27 MP: 1/1
   664 | D:1      | You fall into a shaft and drop 1 floor!
   729 | D:2      | Reached XP level 3. HP: 33/33 MP: 2/2
  1128 | D:2      | Reached skill level 1 in Evocations
  1311 | D:2      | Found an iron altar of Okawaru.
  2289 | D:3      | Reached XP level 4. HP: 40/40 MP: 3/3
  2577 | D:3      | Found Qumy's Armour Shop.
  3008 | D:3      | Bought a +0 pair of boots for 45 gold pieces
  3033 | D:4      | Noticed an orc warrior
  3045 | D:3      | Gained mutation: Your spells are a little easier to cast,
                  | but a little less powerful. [potion of mutation]
  3050 | D:3      | HP: 2/40 [poisoned by an orc wizard]
  3053 | D:3      | Succumbed to an orc wizard's poison

Illustrated notes

Levels and vault maps discovered:
D:1:      tarquinn_simple_flora_water_e, layout_loops_ring
D:2:      layout_loops_cross, basic_altar, roderic_serpentine_path
D:3:      layout_basic, serial_shops, nicolae_shop_advertising_works
          [nicolae_subvault_shop_adworks], lemuel_old_faithful
D:4:      layout_basic, nicolae_uskayaw_dance_hall,
          chequers_serial_rivers_marsh, uniq_edmund, uniq_natasha

Skill      XL: |  1  2  3 |
---------------+----------+-----
Fighting       | 4 |  4.2
Shields        | 4 |  4.1
Evocations     | 1 |  1.4
Armour         | 4 |  4.2
Axes           | 3 |  3.4

Action                   |  1- 3 |  4- 6 || total
-------------------------+-------+-------++-------
Melee: War axe           |    79 |    14 ||    93
       Headbutt          |     6 |     3 ||     9
  Use: Scroll            |     6 |     1 ||     7
       Potion            |       |     7 ||     7
Armor: Scale mail        |    34 |       ||    34
       Chain mail        |    17 |    13 ||    30
Dodge: Dodged            |    37 |     6 ||    43
Block: Buckler           |    25 |     9 ||    34
